 Dungeon Crawl Stone Soup version 0.31-a0-1570-g93c622d222 (webtiles) character file.

Game seed: 7637292999972665915

21012 grandjackal the Thaumaturge (level 12, -4/71 HPs)
             Began as a Deep Elf Conjurer on Jan 3, 2024.
             Was a Priest of Vehumet.
             Killed from afar by an acid dragon (23 damage)
             ... with a splash of acid
             ... on level 12 of the Dungeon.
             The game lasted 00:28:33 (14561 turns).

grandjackal the Thaumaturge (Deep Elf Conjurer)    Turns: 14561, Time: 00:28:34

Health: -4/71      AC:  8    Str:  1    XL:     12   Next: 50%
Magic:  8/31       EV: 12    Int: 37    God:    Vehumet [***...]
Gold:   778        SH:  5    Dex: 13    Spells: 9/38 levels left

rFire   + . .        n - +7 dagger "Ogreslayer" {pain, rPois rC+++ Str-3 Int+2}
rCold   + + +        (no shield)
rNeg    . . .        a - +0 robe
rPois   +            M - +1 hat
rElec   .            Q - +2 cloak {rPois}
rCorr   .            O - +0 pair of gloves
SInv    .            v - +0 pair of boots
Will    +....        d - amulet of reflection
Stlth   ++           e - ring of protection from fire
HPRegen 0.31/turn    g - +6 ring of intelligence
MPRegen 0.22/turn

%: reflection
@: no status effects
A: no striking features
a: Renounce Religion


You were on level 12 of the Dungeon.
You worshipped Vehumet.
Vehumet was most pleased with you.
You visited 2 branches of the dungeon, and saw 13 of its levels.

You collected 886 gold pieces.
You spent 108 gold pieces at shops.

Inventory:

Hand Weapons
 n - the +7 dagger "Ogreslayer" (weapon) {pain, rPois rC+++ Str-3 Int+2}
   (You found it on level 2 of the Dungeon)

   Str-3:     It affects your strength (-3).
   Int+2:     It affects your intelligence (+2).
   rC+++:     It renders you almost immune to cold.
   rPois:     It protects you from poison
Armour
 a - a +0 robe (worn)
 v - a +0 pair of boots (worn)
 M - a +1 hat (worn)
 O - a +0 pair of gloves (worn)
 Q - a +2 cloak of poison resistance (worn)
Jewellery
 d - an amulet of reflection (around neck)
 e - a ring of protection from fire (left hand)
 g - a +6 ring of intelligence (right hand)
 i - a ring of protection from fire
 j - a ring of willpower
 s - a ring of poison resistance
 D - a +6 ring of dexterity
Wands
 r - a wand of flame (96)
 F - a wand of charming (9)
 G - a wand of light (8)
 I - a wand of polymorph (11)
 P - a wand of roots (7)
Scrolls
 m - a scroll of silence {unknown}
 o - a scroll of fog {unknown}
 t - 4 scrolls of noise {unknown}
 u - 4 scrolls of revelation {unknown}
 x - a scroll of brand weapon {unknown}
 y - 5 scrolls of teleportation
 z - 3 scrolls of fear
 B - 3 scrolls of vulnerability {unknown}
 C - 2 scrolls of enchant weapon {unknown}
 J - 2 scrolls of immolation {unknown}
 L - a scroll of amnesia {unknown}
 N - a scroll of blinking {unknown}
Potions
 b - 2 potions of magic
 c - a potion of mutation
 f - 4 potions of attraction
 h - 5 potions of curing
 k - 4 potions of brilliance
 l - 2 potions of ambrosia
 p - a potion of enlightenment
 q - 3 potions of heal wounds
 w - 3 potions of lignification
 A - a potion of cancellation
 E - a potion of haste
 H - 9 potions of degeneration
 K - a potion of might


   Skills:
 + Level 6.8 Fighting
 - Level 2.4 Dodging
 - Level 2.4 Stealth
 + Level 13.8 Spellcasting
 + Level 12.2 Conjurations
 - Level 6.1 Summonings
 - Level 6.0 Translocations
 + Level 7.1 Air Magic
 - Level 6.0 Alchemy
 + Level 3.7 Evocations


You had 9 spell levels left.
You knew the following spells:

 Your Spells              Type           Power      Damage    Failure   Level
a - Magic Dart            Conj           100%       1d8       0%          1
b - Searing Ray           Conj           100%       2d8       0%          2
c - Fulminant Prism       Conj/Alch      38%        3d17      1%          4
d - Iskenderun's Mystic   Conj/Tloc      75%        2d15      1%          4
e - Static Discharge      Conj/Air       100%       3-8/arc   1%          2
f - Airstrike             Air            34%        2d(5-21)  1%          4
g - Summon Lightning Spi  Summ/Air       65%        N/A       1%          4
h - Mephitic Cloud        Conj/Alch/Air  73%        N/A       1%          3
i - Irradiate             Conj/Alch      38%        3d24      1%          5

Your spell library contained the following spells:

 Spells                   Type           Power      Damage    Failure   Level
 Ignite Poison            Fire/Alch      48%        N/A       1%          4
 Apportation              Tloc           100%       N/A       1%          1
 Necrotise                Necr           100%       1d9       1%          1
 Sting                    Conj/Alch      100%       1d9       1%          1
 Summon Small Mammal      Summ           100%       N/A       1%          1
 Blink                    Tloc           100%       N/A       1%          2
 Lesser Beckoning         Tloc           100%       N/A       1%          2
 Momentum Strike          Conj/Tloc      100%       3d10      1%          2
 Volatile Blastmotes      Fire/Tloc      94%        2d17      1%          3
 Sublimation of Blood     Necr           25%        N/A       2%          2
 Vampiric Draining        Necr           25%        2d7       4%          3
 Martyr's Knell           Necr/Summ      48%        N/A       4%          4
 Petrify                  Alch/Erth      48%        N/A       4%          4
 Curse of Agony           Necr           25%        N/A       38%         5


Dungeon Overview and Level Annotations

Branches:
Dungeon (12/15)            Temple (1/1) D:7            Lair (0/5) D:9
    Orc (0/2) D:11

Altars:
Ashenzari
Cheibriados
Dithmenos
Elyvilon
Fedhas
Gozag
Hepliaklqana
Kikubaaqudgha
Makhleb
Nemelex Xobeh
Okawaru
Qazlal
Ru
Sif Muna
Trog
Uskayaw
Vehumet
Wu Jian
Xom
Yredelemnul
Zin
The Shining One

Shops:
D:5 ?


Message History

You erupt in a blast of force!
The mystic blast hits the cyclops!
The cyclops is almost dead.
Unknown command.
Unknown command.
Casting: Iskenderun's Mystic Blast (safe; 1% risk of failure)
Confirm with . or Enter, or press ? or * to list all spells.
You erupt in a blast of force!
The mystic blast hits the cyclops!
You kill the cyclops!
Vehumet accepts your kill.
You feel your power returning.
You hear a roar!
Unknown command.
You start resting.
An acid dragon comes into view.
Casting: Iskenderun's Mystic Blast (safe; 1% risk of failure)
Confirm with . or Enter, or press ? or * to list all spells.
Aiming: Airstrike (safe; 1% risk of failure)
Press: ? - help, Dir - move target, f - acid dragon
Aim: an acid dragon (empty space bonus: 5/8)
The air twists around and strikes the acid dragon!
The acid dragon is moderately wounded.
Unknown command.
Casting: Airstrike (safe; 1% risk of failure)
Confirm with . or Enter, or press ? or * to list all spells.
Aiming: Airstrike (safe; 1% risk of failure)
Press: ? - help, Dir - move target, f/p - acid dragon
Aim: an acid dragon (moderately wounded, empty space bonus: 4/8)
The air twists around and strikes the acid dragon!
The acid dragon is severely wounded.
Unknown command.
Casting: Airstrike (safe; 1% risk of failure)
Confirm with . or Enter, or press ? or * to list all spells.
Aiming: Airstrike (safe; 1% risk of failure)
Press: ? - help, Dir - move target, f/p - acid dragon
Aim: an acid dragon (severely wounded, empty space bonus: 2/8)
The air twists around and strikes the acid dragon.
The acid dragon is almost dead.
The acid dragon spits acid at you. The splash of acid hits you!!
You die...

#+# #.##########
#.##......@#
##.##..####D# .## ##
##...#..####.#...C.
#...#.......#....(...#
#...........##.#####
....###.##..####.# .
#)##.......#
#.########## #.#


You could see an acid dragon (catching breath).

Vanquished Creatures
  Gastronok (D:10)
  Frances (D:12)
  A boulder beetle (D:8)
  2 ugly things (D:12)
  A manticore (D:11)
  A cyclops (D:12)
  Maurice (D:12)
  3 centaur zombies (D:10)
  2 centaur skeletons (D:10)
  A gargoyle (D:12)
  2 unseen horror zombies (D:10)
  2 unseen horrors
  Grinder (D:3)
  A hornet (D:9)
  5 slime creatures
  A centaur simulacrum (D:10)
  A vampire (D:11)
  Eustachio (D:6)
  2 shadows (D:11)
  22 yaks
  2 wraiths
  4 water elementals (D:10)
  A steam dragon (D:10)
  2 vampire mosquitoes (D:10)
  Menkaure (D:5)
  An acid dragon (D:11)
  3 black bears (D:6)
  2 orc warriors (D:9)
  2 ice beasts
  An ogre (D:6)
  12 centaurs
  A phantom (D:5)
  4 kobold brigands
  3 bullfrogs
  3 gnoll sergeants
  2 scorpions
  A burial acolyte (D:10)
  7 wights (D:10)
  11 killer bees (D:9)
  5 howler monkeys
  A jelly (D:8)
  7 hounds
  6 orc priests
  A gnoll bouda (D:9)
  3 sleepcaps
  A human zombie (D:10)
  Natasha (thrice) (D:2)
  6 iguanas
  11 orc wizards
  A howler monkey zombie (D:10)
  15 gnolls
  9 adders
  7 river rats (D:5)
  2 shadow imps (D:7)
  2 white imps
  4 ufetubi
  An adder zombie (D:2)
  An adder skeleton (D:2)
  2 ribbon worms
  3 dart slugs
  45 orcs
  3 bats
  A bat zombie (D:2)
  5 endoplasms
  2 giant cockroaches
  8 goblins
  2 hobgoblins (D:4)
  3 jackals (D:1)
  17 kobolds
  8 quokkas
  11 ball pythons
  4 frilled lizards
  2 giant cockroach zombies (D:2)
  24 rats
  A spectral giant cockroach (D:2)
342 creatures vanquished.

Vanquished Creatures (collateral kills)
  A two-headed ogre (D:10)
  A deep elf pyromancer (D:12)
  An ugly thing (D:12)
  2 slime creatures (D:12)
  A howler monkey (D:10)
6 creatures vanquished.

Vanquished Creatures (others)
  47 fulminant prisms
47 creatures vanquished.

Grand Total: 395 creatures vanquished

Notes
Turn   | Place    | Note
-------+----------+-------------------------------------------
     0 | D:1      | grandjackal the Deep Elf Conjurer began the quest for the
                  | Orb.
     0 | D:1      | Reached XP level 1. HP: 10/10 MP: 6/6
   171 | D:1      | Reached XP level 2. HP: 15/15 MP: 5/8
   232 | D:1      | Learned a level 2 spell: Searing Ray
   575 | D:1      | Reached skill level 4 in Spellcasting
   686 | D:1      | Reached XP level 3. HP: 19/19 MP: 8/10
   716 | D:1      | Reached skill level 5 in Conjurations
  1262 | D:2      | Noticed Natasha
  1272 | D:2      | Killed Natasha
  1276 | D:2      | Reached XP level 4. HP: 24/24 MP: 1/12
  1280 | D:2      | Identified the +7 dagger "Ogreslayer" {pain, rPois rC+++
                  | Str-3 Int+2}
  1564 | D:2      | Noticed Natasha
  1568 | D:2      | Killed Natasha
  1569 | D:2      | Reached skill level 5 in Spellcasting
  1716 | D:2      | Noticed Natasha
  1720 | D:2      | Killed Natasha
  1974 | D:3      | Reached XP level 5. HP: 25/28 MP: 8/14
  2033 | D:3      | Learned a level 4 spell: Fulminant Prism
  2038 | D:3      | Learned a level 4 spell: Iskenderun's Mystic Blast
  2197 | D:3      | Noticed Grinder
  2197 | D:3      | Paralysed by Grinder for 3 turns
  2206 | D:3      | Killed Grinder
  2207 | D:3      | Reached skill level 6 in Spellcasting
  2207 | D:3      | Reached XP level 6. HP: 32/32 MP: 9/17
  2288 | D:3      | Found a faded altar of an unknown god.
  3215 | D:4      | Found an iron altar of Okawaru.
  3368 | D:4      | Reached XP level 7. HP: 36/36 MP: 12/18
  3704 | D:5      | Entered Level 5 of the Dungeon
  4020 | D:5      | Reached skill level 7 in Spellcasting
  4657 | D:5      | Reached XP level 8. HP: 41/41 MP: 13/21
  4706 | D:5      | Noticed Menkaure
  4710 | D:5      | Killed Menkaure
  4887 | D:5      | Found Musid's Magic Scroll Boutique.
  4942 | D:5      | Bought a scroll of fear for 48 gold pieces
  4942 | D:5      | Bought a scroll of teleportation for 36 gold pieces
  4942 | D:5      | Bought a scroll of identify for 24 gold pieces
  4982 | D:5      | Found a stormy altar of Qazlal.
  5254 | D:6      | Reached skill level 8 in Spellcasting
  5324 | D:6      | Noticed Eustachio
  5333 | D:6      | Killed Eustachio
  5334 | D:6      | Reached skill level 5 in Translocations
  5334 | D:6      | Reached skill level 5 in Alchemy
  5601 | D:6      | Reached XP level 9. HP: 45/45 MP: 15/23
  5610 | D:6      | Reached skill level 9 in Spellcasting
  6258 | D:6      | Reached skill level 1 in Fighting
  6724 | D:7      | Found a sacrificial altar of Ru.
  7053 | D:7      | Found a staircase to the Ecumenical Temple.
  7058 | Temple   | Entered the Ecumenical Temple
  7084 | Temple   | Became a worshipper of Vehumet
  7514 | D:8      | Reached skill level 10 in Spellcasting
  7592 | D:8      | Noticed a boulder beetle
  7765 | D:8      | Learned a level 2 spell: Static Discharge
  7770 | D:8      | Learned a level 4 spell: Airstrike
  8080 | D:8      | Found a shimmering blue altar of Sif Muna.
  8133 | D:8      | Reached skill level 1 in Air Magic
  8150 | D:8      | Killed a boulder beetle
  8151 | D:8      | Reached XP level 10. HP: 56/56 MP: 3/26
  8487 | D:8      | Found a sparkling altar of Nemelex Xobeh.
  8548 | D:8      | Learned a level 4 spell: Summon Lightning Spire
  8573 | D:9      | Reached skill level 11 in Spellcasting
  8747 | D:9      | Reached * piety under Vehumet
  8747 | D:9      | Offered knowledge of Sting by Vehumet.
  8752 | D:9      | Reached skill level 1 in Summonings
  8758 | D:9      | Reached skill level 10 in Conjurations
  8939 | D:9      | Found a white marble altar of Elyvilon.
  9506 | D:9      | Found a staircase to the Lair.
  9735 | D:9      | Found a basalt altar of Yredelemnul.
  9792 | D:9      | Found a glowing silver altar of Zin.
  9826 | D:10     | Entered Level 10 of the Dungeon
  9935 | D:10     | Reached ** piety under Vehumet
  9969 | D:10     | Found a bloodstained altar of Trog.
 10092 | D:10     | Offered knowledge of Scorch by Vehumet.
 10279 | D:10     | Noticed Gastronok
 10408 | D:10     | Noticed a two-headed ogre
 10415 | D:10     | Killed a two-headed ogre
 10416 | D:10     | Reached XP level 11. HP: 62/62 MP: 16/28
 10525 | D:10     | Reached skill level 12 in Spellcasting
 10746 | D:10     | Found an ancient bone altar of Kikubaaqudgha.
 10789 | D:10     | Reached skill level 5 in Fighting
 11263 | D:10     | Reached skill level 5 in Air Magic
 11270 | D:10     | Reached skill level 5 in Summonings
 11279 | D:10     | Offered knowledge of Mephitic Cloud by Vehumet.
 11389 | D:10     | Learned a level 3 spell: Mephitic Cloud
 12207 | D:10     | Killed Gastronok
 12496 | D:11     | Found a staircase to the Orcish Mines.
 12525 | D:11     | Reached *** piety under Vehumet
 12526 | D:11     | Reached skill level 13 in Spellcasting
 12819 | D:11     | Reached skill level 1 in Evocations
 12819 | D:11     | Reached XP level 12. HP: 49/70 MP: 26/31
 13349 | D:11     | Offered knowledge of Ignite Poison by Vehumet.
 13749 | D:12     | Identified the +3 long sword "Abrioczi" {pain, Str+2 Int+2}
 13890 | D:12     | Learned a level 5 spell: Irradiate
 13964 | D:12     | Noticed Maurice
 14243 | D:12     | Killed Maurice
 14428 | D:12     | Noticed Frances
 14446 | D:12     | Killed Frances
 14561 | D:12     | Killed from afar by an acid dragon

Illustrated notes

Levels and vault maps discovered:
D:1:      elethiomel_arrival_infinity_welcomes_careful_drivers, layout_basic,
          minmay_octomino_c4
D:2:      layout_loops_cross, dilly_guarded_unrand_morg
D:3:      layout_loops_cross, hellmonk_ecumenical_altar_pennies_from_heaven,
          uniq_natasha, uniq_grinder
D:4:      nicolae_cairo_tiling_large_dashed, layout_rooms, lemuel_tele_altar,
          guppyfry_early_orc_mine
D:5:      lemuel_ratsnest, layout_rooms, mainiacjoe_overflow_boulevard,
          serial_rivers, chequers_serial_rivers_large_b,
          chequers_serial_rivers_micro_b, chequers_serial_rivers_large_a,
          chequers_serial_rivers_room_b, chequers_serial_rivers_marsh,
          chequers_serial_rivers_small_a, st_stairs_6, minmay_holes,
          kennysheep_small_circle, uniq_menkaure
D:6:      layout_cave_pools, grunt_ministairs_15, grunt_potential,
          uniq_eustachio
D:7:      layout_basic, mainiacjoe_overflow_small_starburst, temple_statues
D:8:      layout_loops_cross, nemelex_xobeh_ov_fountains_minmay,
          lemuel_doored_altar
D:9:      layout_gridville, zin_treasury, mainiacjoe_overflow_catwalk,
          elyvilon_altar_1, blue_anna_alchemist, dreamdust_gnoll_shepherd
D:10:     nicolae_cairo_tiling_very_big, layout_cave_pools,
          lemuel_mausoleum_altar_kikubaaqudgha, mainiacjoe_overflow_alcove_2,
          nicolae_underground_beach, uniq_gastronok
D:11:     layout_gridville, orc_0_dummy
D:12:     minmay_spotlight, layout_loops_corners, uniq_kirke, uniq_frances,
          uniq_maurice
Temple:   chequers_temple_sunken

Skill      XL: |  1  2  3  4  5  6  7  8  9 10 11 12 |
---------------+-------------------------------------+-----
Spellcasting   | 4 5 6 7 8 10 11 13 | 13.8
Conjurations   | 5 6 7 8 9 10 11 12 | 12.2
Translocations | 2 4 5 6 |  6.0
Alchemy        | 2 4 5 6 |  6.0
Fighting       | 3 4 6 |  6.8
Air Magic      | 1 4 6 7 |  7.1
Summonings     | 3 6 |  6.1
Evocations     | 1 3 |  3.7
Dodging        | |  2.4
Stealth        | |  2.4

Action                     |  1- 3 |  4- 6 |  7- 9 | 10-12 || total
---------------------------+-------+-------+-------+-------++-------
  Melee: Unarmed           |     4 |       |       |       ||     4
         Dagger            |       |     3 |    24 |     4 ||    31
   Cast: Magic Dart        |    42 |    41 |    33 |    11 ||   127
         Searing Ray       |     3 |    22 |    85 |    66 ||   176
         Fulminant Prism   |       |       |     9 |    38 ||    47
         Iskenderun's Myst |       |       |     1 |    47 ||    48
         Summon Lightning  |       |       |       |    10 ||    10
         Airstrike         |       |       |       |    32 ||    32
         Mephitic Cloud    |       |       |       |     2 ||     2
  Evoke: Wand              |       |       |     2 |       ||     2
    Use: Scroll            |       |       |     8 |     2 ||    10
 Armour: Robe              |     9 |     8 |    70 |    76 ||   163
  Dodge: Dodged            |    12 |     9 |    69 |    41 ||   131
  Block: Other             |       |       |    22 |    14 ||    36
         Reflection        |       |       |     3 |     1 ||     4

Table legend: (Time is in decaauts)
 A = Elapsed time spent in this place.
 B = Non-inter-level travel time spent in this place.
 C = Inter-level travel time spent in this place.
 D = Time resting spent in this place.
 E = Time spent auto-exploring this place.
 F = Levels seen in this place.
 G = Mean time per level.
                   A        B        C        D        E       F      G
               +--------+--------+--------+--------+--------+-----+--------+
         Total |  14626 |  14213 |    413 |   5986 |   6027 |  13 | 1125.1 |
       Dungeon |  14566 |  14179 |    387 |   5986 |   6027 |  12 | 1213.8 |
        Temple |     60 |     34 |     26 |      0 |      0 |   1 |   60.0 |
               +--------+--------+--------+--------+--------+-----+--------+

Top non-repeatable levels by time:
    D:10: 2506 daAuts
     D:5: 1744 daAuts
    D:11: 1390 daAuts
     D:8: 1335 daAuts
     D:6: 1126 daAuts
     D:1: 1104 daAuts
     D:9: 1017 daAuts
     D:7: 916 daAuts
     D:3: 889 daAuts
     D:2: 864 daAuts
     D:4: 846 daAuts
    D:12: 825 daAuts
  Temple: 60 daAuts
